 Dungeon Crawl Stone Soup version 0.17-a0-1714-g35622ae (webtiles) character file.

155 spinkules the Chopper (level 5, -1/67 HPs)
             Began as a Minotaur Berserker on Aug 23, 2015.
             Was a Priest of Trog.
             Slain by a river rat (2 damage)
             ... on level 3 of the Dungeon.
             The game lasted 00:06:50 (1632 turns).

spinkules the Chopper (Minotaur Berserker)          Turns: 1632, Time: 00:06:50

Health: -1/67      AC:  5    Str: 27    XL:     5   Next: 14%
Magic:  4/4        EV: 11    Int:  4    God:    Trog [***...]
Gold:   54         SH:  0    Dex: 10    Spells: 0 memorised, 4 levels left

rFire  . . .     SeeInvis .     a - +0 hand axe
rCold  . . .     Clarity  .     h - +0 ring mail
rNeg   . . .     SustAt   .     (no shield)
rPois  .         Gourm    .     (helmet restricted)
rElec  .         Spirit   .     (no cloak)
rCorr  .         Warding  .     (no gloves)
rMut   .         Stasis   .     (no boots)
MR     .....                    (no amulet)
Stlth  ..........               (no ring)
                                (no ring)

@: berserking, very quick, not resistant to hostile enchantments, extremely
unstealthy
A: retaliatory headbutt, horns 2
a: Burn Spellbooks, Berserk, Trog's Hand, Renounce Religion


You were on level 3 of the Dungeon.
You worshipped Trog.
Trog was most pleased with you.
You were hungry.

You visited 1 branch of the dungeon, and saw 3 of its levels.

You collected 54 gold pieces.

Inventory:

Hand weapons
 a - a +0 hand axe (weapon)
Armour
 b - a +0 animal skin
 h - a +0 ring mail (worn)
Magical devices
 n - a wand of fire (1)
Scrolls
 d - a scroll of remove curse {unknown}
 e - a scroll of identify {unknown}
 f - 2 scrolls of enchant armour {unknown}
 j - a scroll of amnesia {unknown}
 l - a scroll of enchant weapon {unknown}
 m - a scroll of noise {unknown}
 p - a scroll of teleportation {unknown}
Potions
 g - a potion of beneficial mutation {unknown}
 k - a potion of degeneration {unknown}
 o - a potion of might {unknown}
Comestibles
 c - 3 bread rations


   Skills:
 - Level 3.6 Fighting
 + Level 7.1 Axes
 - Level 2.4 Armour
 - Level 2.1 Dodging


You had 4 spell levels left.
You didn't know any spells.

Dungeon Overview and Level Annotations

Branches:
Dungeon (3/15)

Altars:

Portals:
Sewer: D:3


Innate Abilities, Weirdness & Mutations

You reflexively headbutt those who attack you in melee.
You have a pair of horns on your head.


Message History

You hit the river rat.
The river rat is moderately wounded.
The river rat bites you.
You hit the river rat.
The river rat is severely wounded.
The river rat bites you.
Your unstable footing causes you to fumble your attack.
You hit the river rat but do no damage.
The river rat is severely wounded.
The river rat bites you.
* * * LOW HITPOINT WARNING * * *
You hit the river rat. Your headbutt misses the river rat.
The river rat is almost dead.
The river rat bites you!
* * * LOW HITPOINT WARNING * * *
Use which ability? (? or * to list)
A red film seems to cover your vision as you go berserk!
You feel yourself moving faster!
You feel mighty!
You feel somewhat more hungry. The river rat bites you.
You die...

#.........##.)####.
#.........##.## #.
#............# #.
#...........#### #.
##.............####
#####..#.#....####...
##≈######†##...# #.⌠.
#≈≈≈≈≈≈#≈≈≈##### #...
#≈≈≈#@≈#≈≈≈# #.⌠.
##≈##r≈##≈## #...
#≈#≈≈≈≈#≈# #.⌠.
#†#≈∩≈≈#≈# #...
##≈##≈≈##≈## ####
#≈≈≈####†≈≈#
#≈≈≈≈≈†≈≈≈≈#
##≈######≈## ### ###


You could see a river rat.

Vanquished Creatures
  An orc wizard (D:3)
  5 adders
  A river rat (D:3)
  An ooze (D:2)
  2 worms (D:3)
  5 giant geckos
  4 orcs (D:3)
  A ball python (D:3)
  8 hobgoblins
  5 jackals
  5 bats
  A giant cockroach (D:3)
  9 goblins
  3 kobolds
  8 rats
59 creatures vanquished.

Notes
Turn   | Place    | Note
--------------------------------------------------------------
     0 | D:1      | spinkules the Minotaur Berserker began the quest for the Orb.
     0 | D:1      | Reached XP level 1. HP: 19/19 MP: 0/0
   234 | D:1      | Reached skill level 4 in Axes
   376 | D:1      | Reached XP level 2. HP: 24/26 MP: 1/1
   533 | D:1      | Acquired Trog's second power
   824 | D:2      | Reached skill level 5 in Axes
   824 | D:2      | Reached XP level 3. HP: 28/31 MP: 2/2
  1116 | D:3      | Reached skill level 6 in Axes
  1116 | D:3      | Reached XP level 4. HP: 27/39 MP: 3/3
  1427 | D:3      | Reached XP level 5. HP: 26/45 MP: 4/4
  1445 | D:3      | Reached skill level 7 in Axes
  1621 | D:3      | Found a glowing drain.
  1631 | D:3      | HP: 1/45 [river rat (8)]
  1632 | D:3      | Slain by a river rat

Vault maps used:
D:1:      tarquinn_simple_flora_water_f, minmay_crystal_water
D:2:      kennysheep_doodads, uniq_robin, uniq_crazy_yiuf_cottage
D:3:      gup_sewer_entry_bubbles, minmay_misc_feat_diagonals,
          grunt_ministairs_3

Action                   |  1- 3 |  4- 6 || total
-------------------------+-------+-------++-------
Melee: Hand axe          |    84 |    75 ||   159
Invok: Berserk           |       |     1 ||     1
  Eat: Chunk             |     1 |     1 ||     2
